 Dungeon Crawl Stone Soup version 0.30-a0-23-ge60ba3568b (webtiles) character file.

Game seed: 3247366695807204414

3246 ytrimaz the Martial Artist (level 9, -4/59 HPs)
             Began as a Demonspawn Transmuter on Aug 24, 2022.
             Was a Believer of Cheibriados.
             Slain by a boulder beetle (24 damage)
             ... on level 7 of the Dungeon.
             The game lasted 00:08:59 (9901 turns).

ytrimaz the Martial Artist (Demonspawn Transmuter)  Turns: 9901, Time: 00:08:59

Health: -4/59      AC:  2    Str: 15    XL:     9   Next: 67%
Magic:  18/18      EV: 14    Int: 29    God:    Cheibriados [**....]
Gold:   117        SH:  0    Dex: 17    Spells: 8/20 levels left

rFire   . . .      SeeInvis .      - Unarmed
rCold   . . .      Faith    .    (no shield)
rNeg    . . .      Spirit   .    a - +0 robe
rPois   .          Reflect  .    (helmet currently unavailable)
rElec   .          Harm     .    (no cloak)
rCorr   .          Rampage  .    (no gloves)
Will    .....                    (boots currently unavailable)
Stlth   ++........               h - amulet of magic regeneration
HPRegen 0.19/turn                k - +6 ring of intelligence
MPRegen 0.56/turn                (no ring)

@: lethally poisoned (-4 -> -5), appendages, very slow
A: horns 2, talons 2, repulsion field 1, ignite blood 2, spiny 1, demonic touch
1
a: End Transformation, Renounce Religion, Bend Time


You were on level 7 of the Dungeon.
You worshipped Cheibriados.
Cheibriados was pleased with you.
You had temporarily grown beastly horns and talons.
You visited 2 branches of the dungeon, and saw 8 of its levels.

You collected 457 gold pieces.
You spent 340 gold pieces at shops.

Inventory:

Armour
 a - a +0 robe (worn)
Jewellery
 h - an amulet of magic regeneration (around neck)
 k - a +6 ring of intelligence (left hand)
Wands
 b - a wand of digging (7)
 q - a wand of polymorph (4)
Scrolls
 c - a scroll of acquirement
 e - 2 scrolls of enchant weapon
 g - a scroll of brand weapon
 l - a scroll of vulnerability
 m - a scroll of fog
 o - 2 scrolls of magic mapping
Potions
 d - a potion of brilliance
 f - a potion of berserk rage {unknown}
 i - 2 potions of cancellation
 j - a potion of resistance
 n - a potion of curing
 p - 3 potions of attraction


   Skills:
 - Level 1.0 Fighting
 - Level 1.7 Dodging
 + Level 9.3 Unarmed Combat
 - Level 6.1 Spellcasting
 - Level 5.8 Transmutations
 * Level 3.5 Air Magic


You had 8 spell levels left.
You knew the following spells:

 Your Spells              Type           Power      Damage    Failure   Level
a - Beastly Appendage     Tmut           86%        N/A       1%          1
b - Wereblood             Tmut           43%        N/A       1%          2
c - Blink                 Tloc           16%        N/A       9%          2
d - Storm Form            Tmut/Air       18%        N/A       100%        7

Your spell library contained the following spells:

 Spells                   Type           Power      Damage    Failure   Level
 Spider Form              Tmut/Pois      25%        N/A       4%          3
 Apportation              Tloc           16%        N/A       5%          1
 Tukima's Dance           Hex            8%         N/A       17%         3
 Ice Form                 Ice/Tmut       25%        N/A       17%         4
 Alistair's Intoxication  Tmut/Pois      16%        N/A       43%         5
 Yara's Violent Unravell  Hex/Tmut       12%        3d7       43%         5
 Olgreb's Toxic Radiance  Pois           8%         N/A       50%         4
 Passage of Golubria      Tloc           8%         N/A       50%         4
 Summon Ice Beast         Ice/Summ       8%         N/A       50%         4
 Manifold Assault         Tloc           8%         N/A       83%         5
 Summon Mana Viper        Hex/Summ       8%         N/A       83%         5
 Monstrous Menagerie      Summ           4%         N/A       100%        7
 Ozocubu's Refrigeration  Ice            4%         4d8       100%        7
 Ignition                 Fire           4%         3d4       100%        8


Dungeon Overview and Level Annotations

Branches:
Dungeon (7/15)             Temple (1/1) D:7

Altars:
Ashenzari
Cheibriados
Dithmenos
Fedhas
Gozag
Hepliaklqana
Kikubaaqudgha
Makhleb
Nemelex Xobeh
Okawaru
Qazlal
Ru
Sif Muna
Trog
Uskayaw
Vehumet
Wu Jian
Xom
Yredelemnul

Shops:
D:1 :   D:3 [


Innate Abilities, Weirdness & Mutations

You have temporarily grown beastly horns and talons.
You are surrounded by a mild repulsion field. (EV +2)
Your demonic aura often causes spilled blood to erupt in flames.
You are partially covered in sharp spines.
Your touch may inflict minor irresistible damage on your foes.


Message History

Cheibriados thoroughly appreciates the change of pace.
You feel sick.
A yak comes into view.
You feel sick.
The yak bellows!
You see here 2 poisoned darts.
You feel sick.
The boulder beetle is engulfed in blazing flames.
The boulder beetle curls into a ball and begins rolling!
Unknown command.
The wyvern hisses angrily.
You punch the yak! You claw the yak. You headbutt the yak!
The yak is heavily wounded.
You feel sick. The yak is struck by your spines. The yak closely misses you.
The boulder beetle is engulfed in blazing flames.
Unknown command.
You punch the yak! You headbutt the yak.
You kill the yak!
Cheibriados appreciates the change of pace.
You feel sick. The boulder beetle barely misses you.
The boulder beetle stops rolling and uncurls.
Unknown command.
You hit the boulder beetle but do no damage.
You claw the boulder beetle, but do no damage.
You touch the boulder beetle.
The boulder beetle is moderately wounded.
The boulder beetle waves its antennae.
The boulder beetle is struck by your spines.
The boulder beetle bites you!!
You hit the boulder beetle.
The boulder beetle is moderately wounded.
You feel sick. The boulder beetle misses you.
Unknown command.
You punch the boulder beetle!
The boulder beetle is heavily wounded.
Unknown command.
You barely miss the boulder beetle.
You touch the boulder beetle!
The boulder beetle is heavily wounded.
You feel sick. The boulder beetle bites you!!
You die...

########## ##.~....≈.##
##...~..~...## #.~..~..~..~.#
##..≈..≈~..≈..##
#...########...#
##..##.8..8.##..############
#.~##....l○@5##..#......>...
##.##..######B.##.######..###
#..#.. ##..#))# #..# #.##.#
≈$.[.≈.#.##.# #<.# #
#####.#..# .#⌠.#B.#..#.#
###.### ....#.#..#
.#>5#..#..#.# #.....'
##..#.##.##≈....≈##.##.#
#.#.###
.#..#..#..##.≈≈.##†.#..#
#...#
.....#..#..######).##.##
###.#


You could see a boulder beetle, a wyvern and a white imp.

Vanquished Creatures
  2 wyverns
  A shadow (D:7)
  A yak (D:7)
  Eustachio (D:5)
  An orc warrior (D:7)
  A black bear (D:7)
  3 ogres
  2 sky beasts (D:7)
  A centaur (D:6)
  A phantom (D:5)
  4 scorpions
  3 bullfrogs
  2 gnoll sergeants (D:7)
  2 necrophages
  5 wights (D:7)
  A killer bee (D:7)
  5 hounds
  2 gnoll boudas (D:7)
  5 jellies
  5 iguanas
  4 orc wizards
  A gnoll (D:1)
  10 adders
  A shadow imp (D:6)
  A white imp (D:4)
  4 ufetubi
  A worm (D:5)
  4 dart slugs
  14 orcs
  4 ball pythons
  5 bats
  8 endoplasms
  4 giant cockroaches
  9 goblins
  5 hobgoblins
  6 jackals
  7 kobolds
  5 quokkas
  3 frilled lizards
  8 rats
152 creatures vanquished.

Vanquished Creatures (others)
  12 plants (D:3)
12 creatures vanquished.

Grand Total: 164 creatures vanquished

Notes
Turn   | Place    | Note
-------+----------+-------------------------------------------
     0 | D:1      | ytrimaz the Demonspawn Transmuter began the quest for the
                  | Orb.
     0 | D:1      | Reached XP level 1. HP: 15/15 MP: 3/3
    63 | D:1      | Reached skill level 3 in Unarmed Combat
    68 | D:1      | Gained mutation: Your demonic aura sometimes causes spilled
                  | blood to erupt in flames. [demonic ancestry]
    68 | D:1      | Reached XP level 2. HP: 15/21 MP: 5/5
   176 | D:1      | Found Vocradun's Book Shoppe.
   783 | D:1      | Reached XP level 3. HP: 26/26 MP: 4/6
   815 | D:1      | Found a faded altar of an unknown god.
  1606 | D:2      | Reached XP level 4. HP: 22/32 MP: 7/7
  1778 | D:2      | Reached skill level 4 in Unarmed Combat
  2228 | D:3      | Learned a level 2 spell: Wereblood
  2379 | D:3      | Found a shimmering blue altar of Sif Muna.
  2860 | D:3      | Noticed a scorpion
  2887 | D:3      | Killed a scorpion
  2888 | D:3      | Gained mutation: Your touch may inflict minor irresistible
                  | damage on your foes. [demonic ancestry]
  2888 | D:3      | Reached XP level 5. HP: 20/37 MP: 9/9
  3281 | D:3      | Found Resex's Armour Boutique.
  3312 | D:3      | Found a snail-covered altar of Cheibriados.
  3381 | D:4      | Gained mutation: You are partially covered in sharp spines.
                  | [demonic ancestry]
  3381 | D:4      | Reached XP level 6. HP: 24/43 MP: 11/11
  3510 | D:4      | Reached skill level 5 in Unarmed Combat
  4264 | D:4      | Noticed a wyvern
  4286 | D:4      | Killed a wyvern
  4287 | D:4      | Gained mutation: You are surrounded by a mild repulsion
                  | field. (EV +2) [demonic ancestry]
  4287 | D:4      | Reached XP level 7. HP: 38/48 MP: 11/13
  5081 | D:3      | Found a radiant altar of Vehumet.
  5081 | D:3      | Found an opulent altar of Gozag.
  5092 | D:3      | Became a worshipper of Cheibriados the Contemplative
  5112 | D:5      | Entered Level 5 of the Dungeon
  5112 | D:5      | Noticed Eustachio
  5413 | D:5      | Reached skill level 6 in Unarmed Combat
  5883 | D:5      | Killed Eustachio
  5884 | D:5      | Gained mutation: Your demonic aura often causes spilled
                  | blood to erupt in flames. [demonic ancestry]
  5884 | D:5      | Reached XP level 8. HP: 39/54 MP: 13/15
  6328 | D:6      | Reached skill level 5 in Spellcasting
  6607 | D:6      | Reached skill level 5 in Transmutations
  6864 | D:6      | Reached skill level 7 in Unarmed Combat
  6996 | D:6      | Reached * piety under Cheibriados
  7642 | D:7      | Found a staircase to the Ecumenical Temple.
  7651 | Temple   | Entered the Ecumenical Temple
  7941 | D:7      | Found a broken altar of Ashenzari.
  8287 | D:7      | Reached XP level 9. HP: 43/59 MP: 18/18
  8484 | D:1      | Bought an Inescapable Atlas for 340 gold pieces
  8501 | D:2      | Learned a level 2 spell: Blink
  8509 | D:2      | Learned a level 7 spell: Storm Form
  8731 | D:7      | Reached skill level 1 in Air Magic
  8972 | D:7      | Reached skill level 8 in Unarmed Combat
  9550 | D:7      | Reached ** piety under Cheibriados
  9615 | D:7      | Identified a scroll of acquirement
  9856 | D:7      | Reached skill level 9 in Unarmed Combat
  9891 | D:7      | Noticed a boulder beetle
  9901 | D:7      | Slain by a boulder beetle

Illustrated notes

Levels and vault maps discovered:
D:1:      eino_arrival_tree_alley, layout_basic,
          shapermc_ecumenical_altar_pompeii, serial_shops,
          nicolae_shop_waterfront
D:2:      layout_basic
D:3:      layout_basic, nicolae_overflow_hidden_temple, lemuel_crystal_altar,
          serial_shops, shop, serial_forest, infiniplex_forest_lined_ring,
          infiniplex_forest_lined_corner, infiniplex_forest_clump_double,
          infiniplex_forest_straight_3, infiniplex_forest_clump_C,
          infiniplex_forest_lined_room_3, minmay_joined_circles
D:4:      layout_layer_cave, nicolae_tso_carved_into_rock
D:5:      layout_loops_corners, uniq_eustachio
D:6:      layout_basic, hangedman_decor_lopped, kennysheep_boxes
D:7:      layout_basic, kennysheep_little_box,
          minmay_temple_entry_drinking_statues, serial_rivers,
          chequers_serial_rivers_micro_b, chequers_serial_rivers_small_3,
          chequers_serial_rivers_micro_a, chequers_serial_rivers_micro_b,
          chequers_serial_rivers_small_3, chequers_serial_rivers_micro_b,
          kennysheep_nondescript, nzn_random_ring
Temple:   nicolae_temple_x_marks_the_god

Skill      XL: |  1  2  3  4  5  6  7  8  9 |
---------------+----------------------------+-----
Unarmed Combat | 3 4 5 6 7 9 |  9.3
Transmutations | 2 3 4 5 |  5.8
Spellcasting   | 3 4 6 |  6.1
Air Magic      | 3 |  3.5
Fighting       | |  1.0
Dodging        | |  1.7

Action                   |  1- 3 |  4- 6 |  7- 9 || total
-------------------------+-------+-------+-------++-------
Melee: Unarmed           |   111 |   125 |   160 ||   396
       Kick              |    17 |    18 |    55 ||    90
       Headbutt          |    14 |    15 |    31 ||    60
       Punch             |     2 |     1 |     5 ||     8
       Touch             |       |     8 |    32 ||    40
 Cast: Beastly Appendage |    20 |    26 |    39 ||    85
       Wereblood         |       |     1 |     3 ||     4
  Use: Scroll            |     1 |    10 |     5 ||    16
       Potion            |     1 |     3 |     3 ||     7
 Stab: Sleeping          |     1 |     1 |       ||     2
Armor: Robe              |    13 |    23 |     8 ||    44
Dodge: Dodged            |    69 |    87 |    90 ||   246

Table legend: (Time is in decaauts)
 A = Elapsed time spent in this place.
 B = Non-inter-level travel time spent in this place.
 C = Inter-level travel time spent in this place.
 D = Time resting spent in this place.
 E = Time spent auto-exploring this place.
 F = Levels seen in this place.
 G = Mean time per level.
                   A        B        C        D        E       F      G
               +--------+--------+--------+--------+--------+-----+--------+
         Total |  10812 |   9976 |    836 |    356 |   8367 |   8 | 1351.5 |
       Dungeon |  10559 |   9733 |    826 |    356 |   8132 |   7 | 1508.4 |
        Temple |    252 |    243 |      9 |      0 |    234 |   1 |  252.0 |
               +--------+--------+--------+--------+--------+-----+--------+

Top non-repeatable levels by time:
     D:7: 1915 daAuts
     D:4: 1831 daAuts
     D:6: 1726 daAuts
     D:5: 1521 daAuts
     D:2: 1303 daAuts
     D:3: 1222 daAuts
     D:1: 1038 daAuts
  Temple: 252 daAuts
